 Dungeon Crawl Stone Soup version 0.20.1-1-g8b1a95d (webtiles) character file.

76 vatarom the Vexing (level 4, 0/34 HPs)
             Began as a Formicid Arcane Marksman on Sept 23, 2017.
             Was an Initiate of Okawaru.
             Slain by a jackal (3 damage)
             ... on level 2 of the Dungeon.
             The game lasted 00:06:08 (2562 turns).

vatarom the Vexing (Formicid Arcane Marksman)       Turns: 2562, Time: 00:06:09

Health: 0/34       AC:  3    Str: 15 (16) XL:     4   Next: 57%
Magic:  0/5        EV: 12    Int: 10 (12) God:    Okawaru [......]
Gold:   85         SH:  0    Dex:  9 (11) Spells: 2/5 levels left

rFire    . . .     SeeInvis +   b - +0 glaive
rCold    . . .     Gourm    .   (no shield)
rNeg     . . .     Faith    .   l - +0 leather armour
rPois    .         Spirit   .   (helmet unavailable)
rElec    .         Reflect  .   (no cloak)
rCorr    .         Harm     .   (no gloves)
MR       .....                  (no boots)
Stlth    +.........             (no amulet)
Regen    0.2/turn               (no ring)
MPRegen  0.1/turn               (no ring)

@: no status effects
A: permanent stasis, dig shafts and tunnels, four strong arms, antennae 3
a: Dig, Shaft Self, Renounce Religion


You were on level 2 of the Dungeon.
You worshipped Okawaru.
Okawaru was noncommittal.
You were hungry.

You visited 1 branch of the dungeon, and saw 3 of its levels.

You collected 85 gold pieces.

Inventory:

Hand Weapons
 a - a +1 hand crossbow
 b - a +0 glaive (weapon)
Missiles
 d - 70 bolts
Armour
 l - a +0 leather armour (worn)
Wands
 i - a wand of lightning (11/15)
Scrolls
 n - a scroll of remove curse
Potions
 f - a potion of brilliance
Books
 c - a book of Debilitation

   Spells                             Type                      Level
   a - Corona                         Hexes                        1
   b - Slow                           Hexes                        2
   c - Inner Flame                    Hexes/Fire                   3
   d - Portal Projectile              Hexes/Translocation          3
   e - Cause Fear                     Hexes                        4
   f - Leda's Liquefaction            Hexes/Earth                  4
Comestibles
 g - 3 fruits
 h - 2 meat rations
 j - a bread ration
 m - a royal jelly


   Skills:
 + Level 2.3 Fighting
 * Level 2.9 Crossbows
 - Level 2.3 Dodging
 * Level 1.2 Spellcasting
 + Level 4.2 Hexes


You had 2 spell levels left.
You knew the following spells:

 Your Spells              Type           Power        Failure   Level  Hunger
a - Corona                Hex            #......      7%          1    ##.....
b - Slow                  Hex            #.......     11%         2    ###....


Dungeon Overview and Level Annotations

Branches:
Dungeon (3/15)

Altars:
Okawaru


Innate Abilities, Weirdness & Mutations

You cannot be hasted, slowed, berserked, paralysed or teleported.
You can dig through walls and to a lower floor.
Your four strong arms can wield two-handed weapons with a shield.
You have a pair of large antennae on your head. (SInv)


Message History

Press: ? - help, Shift-Dir - straight line, f - jackal
Aim: a jackal (chance to defeat MR: 62%)
The jackal resists with significant effort.
The jackal bites you but does no damage.
The jackal misses you.
Unknown command.
You closely miss the jackal. The jackal closely misses you. x2
Casting: Slow
Confirm with . or Enter, or press ? or * to list all spells.
Aiming: Slow
Press: ? - help, Shift-Dir - straight line, f/p - jackal
Aim: a jackal (chance to defeat MR: 62%)
The jackal seems to slow down.
The jackal completely misses you.
You hit the jackal.
The jackal is moderately wounded.
The jackal bites you but does no damage.
You closely miss the jackal.
The jackal is moderately wounded.
The jackal bites you.
You die...

######## ########## #......#
#<.......# #......#######
########.# #.............
#.############........
#######.#..@.....# #........
#.......#.#h###..# #........
#.#######.#.###..###........
#.#######.#........'........
#.........#.###..###........
######?..........###........
#............##........
#..........#.##########
#.........##.# #


You could see a jackal.

Vanquished Creatures
  2 adders (D:2)
  3 dart slugs (D:1)
  8 bats
  6 giant cockroaches
  2 goblins (D:1)
  6 hobgoblins
  3 jackals (D:2)
  2 quokkas (D:2)
  A ball python (D:1)
  4 frilled lizards
  8 kobolds
  5 rats
50 creatures vanquished.

Notes
Turn   | Place    | Note
-------+----------+-------------------------------------------
     0 | D:1      | vatarom the Formicid Arcane Marksman began the quest for the Orb.
     0 | D:1      | Reached XP level 1. HP: 15/15 MP: 2/2
   202 | D:1      | Reached XP level 2. HP: 21/21 MP: 3/3
   364 | D:1      | Reached skill level 4 in Hexes
   454 | D:1      | Reached XP level 3. HP: 26/26 MP: 4/4
  1535 | D:2      | Reached XP level 4. HP: 33/33 MP: 5/5
  1628 | D:2      | Found an iron altar of Okawaru.
  1647 | D:2      | Became a worshipper of Warmaster Okawaru
  2158 | D:2      | Learned a level 2 spell: Slow
  2467 | D:3      | Noticed a sky beast
  2550 | D:3      | HP: 1/34 [jackal (2)]
  2562 | D:2      | Slain by a jackal

Skill      XL: |  1  2  3 |
---------------+----------+-----
Dodging        | 2 |  2.3
Hexes          | 4 |  4.2
Fighting       | 2 |  2.3
Crossbows      | |  2.9
Spellcasting   | |  1.2

Action                   |  1- 3 |  4- 6 || total
-------------------------+-------+-------++-------
Melee: Unarmed           |     4 |       ||     4
       Dagger            |    47 |       ||    47
       Glaive            |       |    64 ||    64
 Fire: Hand crossbow     |    73 |    43 ||   116
 Cast: Slow              |       |     7 ||     7
       Corona            |       |     2 ||     2
  Use: Scroll            |     6 |     4 ||    10
       Potion            |     3 |     5 ||     8
  Eat: Bread ration      |     1 |       ||     1
       Chunk             |       |     1 ||     1
Armor: Robe              |    12 |       ||    12
       Leather armour    |    10 |    31 ||    41
Dodge: Dodged            |    65 |    82 ||   147
